 Dungeon Crawl Stone Soup version 0.31-a0-705-ga145531891 (webtiles) character file.

Game seed: 10848034430035485017

146 randomguy2701 the Chopper (level 5, -6/47 HPs)
             Began as a Hill Orc Fighter on Sept 9, 2023.
             Was a Follower of Beogh.
             Splashed by a jelly's acid (10 damage)
             ... on level 4 of the Dungeon.
             The game lasted 00:02:44 (2027 turns).

randomguy2701 the Chopper (Hill Orc Fighter)        Turns: 2027, Time: 00:02:46

Health: -6/47      AC:  0    Str: 19    XL:     5   Next: 28%
Magic:  5/5        EV:  9    Int:  8    God:    Beogh [*.....]
Gold:   143        SH:  5    Dex: 12    Spells: 4/4 levels left

rFire   . . .        a - +0 war axe
rCold   . . .        c - +0 buckler
rNeg    . . .        b - +0 scale mail
rPois   .            (no helmet)
rElec   .            (no cloak)
rCorr   .            (no gloves)
SInv    .            (no boots)
Will    .....        (no amulet) Stlth
                     (no ring)
HPRegen 0.27/turn    (no ring)
MPRegen 0.09/turn

%: no passive effects
@: corroded
A: no striking features
a: Renounce Religion


You were on level 4 of the Dungeon.
You worshipped Beogh.
Beogh was aware of your devotion.
You visited 1 branch of the dungeon, and saw 4 of its levels.

You collected 143 gold pieces.

Inventory:

Hand Weapons
 a - a +0 war axe (weapon)
Armour
 b - a +0 scale mail (worn)
 c - a +0 buckler (worn)
Jewellery
 p - a ring of see invisible
Scrolls
 g - 2 scrolls of amnesia {unknown}
 j - a scroll of fear {unknown}
 k - 3 scrolls of teleportation {unknown}
 l - a scroll of butterflies {unknown}
 n - 2 scrolls of noise {unknown}
 q - a scroll of vulnerability {unknown}
 r - a scroll of acquirement {unknown}
Potions
 d - a potion of might
 e - 2 potions of berserk rage {unknown}
 f - 2 potions of degeneration {unknown}
 h - 2 potions of heal wounds {unknown}
 i - a potion of attraction {unknown}
 m - a potion of enlightenment {unknown}
 o - 2 potions of curing {unknown}


   Skills:
 + Level 4.5 Fighting
 + Level 5.1 Axes
 + Level 3.9 Armour
 + Level 0.4 Dodging
 + Level 3.8 Shields


You had 4 spell levels left.
You didn't know any spells.
Your spell library contained the following spells:

 Spells                   Type           Power      Damage    Failure   Level
 Magic Dart               Conj           0%         1d3       85%         1
 Call Imp                 Summ           0%         N/A       94%         2
 Mephitic Cloud           Conj/Pois/Air  0%         N/A       99%         3


Dungeon Overview and Level Annotations

Branches:
Dungeon (4/15)
 Temple: D:4-7

Altars:
Hepliaklqana
Zin

Shops:
D:3 !


Message History

A jelly is nearby!
A jelly is nearby!
You see here a wand of flame (16).
The jelly hits you but does no damage.
You hit the jelly but do no damage.
Your hands burn!
The jelly hits you. The acid corrodes you!
You are splashed with acid!
You hit the jelly but do no damage.
Your hands burn!
You block the jelly's attack.
You hit the jelly. The acid corrodes you!
Your hands burn!
The jelly is moderately wounded.
The jelly hits you. The acid corrodes you!
You are splashed with acid!
You are too injured to fight recklessly!
You are too injured to fight recklessly!
You are too injured to fight recklessly!
You are too injured to fight recklessly!
You are too injured to fight recklessly!
You are too injured to fight recklessly!
You are too injured to fight recklessly!
You are too injured to fight recklessly!
You are too injured to fight recklessly!
You are too injured to fight recklessly!
Unknown command.
You hit the jelly but do no damage.
Your hands burn!
The jelly is moderately wounded.
The jelly barely misses you.
You hit the jelly.
Your hands burn!
* * * LOW HITPOINT WARNING * * *
The jelly is heavily wounded.
The jelly hits you.
* * * LOW HITPOINT WARNING * * *
The acid corrodes you!
You are splashed with acid.
* * * LOW HITPOINT WARNING * * *
You block the jelly's attack.
You hit the jelly.
Your hands burn!
* * * LOW HITPOINT WARNING * * *
The jelly is heavily wounded.
The jelly hits you.
* * * LOW HITPOINT WARNING * * *
You are splashed with acid!
You die...

. ..# #. #.# #..
#####.###
#..##..!....
#?........##
#.[........##
#...........###..#
#......./.@J......
#.....<..##.###..#
#.............
#........##.###
#.######## .# #.
.# # .# .#


You could see a jelly.

Vanquished Creatures
  Robin (D:2)
  4 adders
  A worm (D:3)
  2 dart slugs
  4 orcs (D:3)
  10 endoplasms
  4 giant cockroaches
  12 goblins
  13 hobgoblins
  3 jackals (D:2)
  3 kobolds
  7 quokkas
  4 ball pythons
  4 bats
  A frilled lizard (D:1)
  4 rats
77 creatures vanquished.

Vanquished Creatures (others)
  An orc (D:2)
  A jackal (D:2)
2 creatures vanquished.

Grand Total: 79 creatures vanquished

Notes
Turn   | Place    | Note
-------+----------+-------------------------------------------
     0 | D:1      | randomguy2701 the Hill Orc Fighter began the quest for the
                  | Orb.
     0 | D:1      | Reached XP level 1. HP: 19/19 MP: 1/1
   119 | D:1      | Reached XP level 2. HP: 22/27 MP: 2/2
   271 | D:1      | Reached skill level 3 in Axes
   458 | D:1      | Reached XP level 3. HP: 30/33 MP: 3/3
   803 | D:2      | Became a worshipper of Beogh the Brigand
   998 | D:2      | Reached XP level 4. HP: 40/40 MP: 4/4
  1031 | D:2      | Noticed Robin
  1034 | D:2      | Reached skill level 4 in Axes
  1047 | D:2      | Reached * piety under Beogh
  1057 | D:2      | Killed Robin
  1361 | D:3      | Found a glowing silver altar of Zin.
  1572 | D:3      | Reached XP level 5. HP: 43/47 MP: 5/5
  1659 | D:3      | Found Vyicecar's Distillery.
  1681 | D:3      | Reached skill level 5 in Axes
  1899 | D:3      | Identified the +0 leather armour of Vaom {Harm rN+ Slay-6}
  1969 | D:3      | Found a faded altar of an unknown god.
  1973 | D:3      | Found a hazy altar of Hepliaklqana.
  2027 | D:4      | Splashed by a jelly's acid

Illustrated notes

Levels and vault maps discovered:
D:1:      giann_bridges, layout_loops_ring, hangedman_feature_mirror,
          feat_on_display
D:2:      cheibrodos_pilgrimage, layout_rooms, minmay_pentomino_z2, uniq_robin
D:3:      layout_basic, mainiacjoe_overflow_surrounded_room,
          nicolae_overflow_ecumenical_swirl, serial_shops, shop,
          kennysheep_doodads
D:4:      layout_loops_ring, nicolae_overflow_crystal_walls, kennysheep_mini,
          uniq_menkaure, uniq_crazy_yiuf_cottage

Skill      XL: |  1  2  3  4  5 |
---------------+----------------+-----
Fighting       | 4 |  4.5
Axes           | 3 4 5 |  5.1
Armour         | |  3.9
Dodging        | |  0.4
Shields        | |  3.8

Action                     |  1- 3 |  4- 6 || total
---------------------------+-------+-------++-------
  Melee: War axe           |    96 |    86 ||   182
 Invoke: Convert to Beogh  |     1 |       ||     1
 Armour: Scale mail        |    66 |    80 ||   146
  Dodge: Dodged            |    48 |    49 ||    97
  Block: Buckler           |    21 |    27 ||    48

Table legend: (Time is in decaauts)
 A = Elapsed time spent in this place.
 B = Non-inter-level travel time spent in this place.
 C = Inter-level travel time spent in this place.
 D = Time resting spent in this place.
 E = Time spent auto-exploring this place.
 F = Levels seen in this place.
 G = Mean time per level.
                   A        B        C        D        E       F      G
               +--------+--------+--------+--------+--------+-----+--------+
         Total |   2088 |   1995 |     93 |      0 |   1499 |   4 |  522.0 |
       Dungeon |   2088 |   1995 |     93 |      0 |   1499 |   4 |  522.0 |
               +--------+--------+--------+--------+--------+-----+--------+

Top non-repeatable levels by time:
     D:1: 776 daAuts
     D:3: 691 daAuts
     D:2: 606 daAuts
     D:4: 13 daAuts
